 Dungeon Sprint DCSS version 0.23.0 (webtiles) character file.

Game seed: 11420690312229463373

4517 Freyura the Corrupter of Planes (level 10, -2/68 HPs)
             Began as a Demonspawn Abyssal Knight on Feb 10, 2019.
             Was the Champion of Lugonu.
             Killed by nerve-wracking pain
             ... invoked by a shadow imp
              (10 damage)
             ... in the Dungeon (Sprint V: "Ziggurat Sprint").
             The game lasted 00:18:45 (872 turns).

Freyura the Corrupter of Planes (DsAK)               Turns: 872, Time: 00:18:48

Health: -2/68      AC: 22    Str: 14    XL:     10   Next: 16%
Magic:  0/19       EV:  3    Int: 11    God:    Lugonu [******]
Gold:   0          SH:  0    Dex: 21    Spells: 9/9 levels left

rFire    + . .     SeeInvis .   E - +7 quick blade (distort)
rCold    + . .     Gourm    .   H - +3 shield
rNeg     . . .     Faith    .   I - +5 gold dragon scales
rPois    +         Spirit   +   (no helmet)
rElec    .         Reflect  +   (no cloak)
rCorr    .         Harm     .   (no gloves)
MR       .....     NoTele   +   (no boots)
Stlth    ..........             m - +2 amulet of reflection
HPRegen  0.00/turn              x - +6 ring of dexterity
MPRegen  0.32/turn              B - +6 ring of strength

@: confused, non-regenerating, mildly diseased
A: hooves 1, [blurry vision 2], [dopey 2], [frail 2], powered by death 1, [weak
2], magic shield, magic regeneration, [no potion heal 2]
a: Bend Space, Banish, Corrupt, Renounce Religion


You were in the Dungeon.
You worshipped Lugonu.
Lugonu was exalted by your worship.
You were not hungry.

You visited 1 branch

Inventory:

Hand Weapons
 b - the +7 dagger "Vinetonuges" {vamp, MP+9}
   (You found it in the Dungeon)

   It inflicts no extra harm, but heals its wielder when it wounds a living foe.
   It affects your magic capacity (+9).
 E - a +7 quick blade of distortion (weapon)
Armour
 F - a +3 buckler
 G - a +3 large shield
 H - a +3 shield (worn)
 I - +5 gold dragon scales (worn)
Jewellery
 m - a +2 amulet of reflection (around neck)
 x - a +6 ring of dexterity (left hand)
 y - a +6 ring of dexterity
 z - a +6 ring of intelligence
 A - a +6 ring of intelligence
 B - a +6 ring of strength (right hand)
 C - a +6 ring of strength
 J - an uncursed ring of stealth
 M - the ring "Isyuf" {Fire rElec Str+4}
   (You found it in the Dungeon)

   [ring of fire]

   It enhances your fire magic.
   It affects your strength (+4).
   It protects you from fire.
   It makes you vulnerable to cold.
   It insulates you from electricity.
Wands
 u - a wand of disintegration (7)
 v - a wand of iceblast (6)
 w - a wand of acid (7)
Scrolls
 a - a scroll of brand weapon
 i - 4 scrolls of blinking
 p - 4 scrolls of amnesia
 q - 7 scrolls of fog
 r - 5 scrolls of identify
 s - 5 scrolls of remove curse
 t - 2 scrolls of fear
Potions
 d - 9 potions of curing
 e - 5 potions of heal wounds
 f - 10 potions of haste
 g - 6 potions of magic
 h - 3 potions of berserk rage
 j - 2 potions of brilliance
 k - 2 potions of invisibility
 l - 4 potions of resistance
 n - 5 potions of agility
 o - 5 potions of might
Miscellaneous
 D - a lightning rod (4/4)
 K - a lightning rod (4/4)
 L - a lightning rod (4/4)
Comestibles
 c - 7 rations


   Skills:
 + Level 10.7 Fighting
 - Level 8.1 Short Blades
 + Level 9.7 Armour
 + Level 9.6 Dodging
 + Level 9.5 Shields
 + Level 12.7 Invocations


You had 9 spell levels left.
You didn't know any spells.
Your spell library was empty.

Dungeon Overview and Level Annotations

Branches:
Dungeon (1/1)

Altars:
Ashenzari
Cheibriados
Dithmenos
Elyvilon
Fedhas
Gozag
Hepliaklqana
Kikubaaqudgha
Makhleb
Nemelex Xobeh
Okawaru
Qazlal
Ru
Sif Muna
Trog
Uskayaw
Vehumet
Wu Jian
Xom
Yredelemnul
Zin
The Shining One
Beogh
Jiyva
Lugonu

Annotations:
D 1 transporter


Innate Abilities, Weirdness & Mutations

You have large cloven feet.
You regenerate a little health from kills.
When hurt, damage is shared between your health and your magic reserves.
You regenerate magic rapidly.
[Scrolls take you longer to read.]
[You are very dopey. (Int -4)]
[You are very frail. (-20% HP)]
[You are very weak. (Str -4)]
[Potions are poor at restoring your health.]


Message History

Your system partially rejects the healing.
You feel much better.
The starcursed mass engulfs you but does no damage.
The small abomination hits you but does no damage.
The shadow imp hits you but does no damage.
A starcursed mass splits.
A deafening chorus of shrieks assaults your mind!
* * * LOW HITPOINT WARNING * * *
You shrug off the repeated paralysis!
A starcursed mass splits.
The starcursed mass engulfs you but does no damage.
The wretched star pulses with an eldritch light!
You feel stupid. x2
Unknown command.
Your system partially rejects the healing.
You feel much better.
The small abomination hits you but does no damage.
The starcursed mass engulfs you but does no damage.
The shadow imp gestures at you. Pain shoots through your body!
You die...

▓....©....▓...©...▓
▓▓▓▓▓▓▓▓▓▓▓▓▓▓▓▓▓▓▓▓▓
▓...8©8...▓...8©8...▓
▓..:=|==..▓...)::|..▓
▓..))||)..▓...:[[)..▓
▓...lK....▓.........▓
▓...XWG...▓.........▓
▓..XXXx...▓..)......▓
▓..XX@*x..▓.........▓
▓....X5...▓.▓.....▓.▓
▓.........▓....©....▓
▓....©....▓▓▓▓▓▓▓▓▓▓▓
▓▓▓▓▓▓▓▓▓▓▓


You could see 7 starcursed masses, a wretched star, a glowing orange brain, a
hungry ghost, 2 small abominations, a shadow imp, a kobold and a frilled lizard.

Vanquished Creatures
  A deep elf mage (D)
  A hornet (D)
  A blink frog (D)
  4 spriggans (D)
  2 water moccasins (D)
  4 phantoms (D)
  4 black bears (D)
  2 wolves (D)
  6 necrophages (D)
  3 bullfrogs (D)
  2 wights (D)
  An orc priest (D)
  An orc wizard (D)
  An adder (D)
  A river rat (D)
  An ufetubus (D)
  2 adder zombies (D)
  6 bat skeletons (D)
  A bat zombie (D)
  2 ball pythons (D)
  A leopard gecko skeleton (D)
  A leopard gecko zombie (D)
48 creatures vanquished.

Vanquished Creatures (others)
  A dancing weapon (D)
  A deep elf knight (D)
  A spatial maelstrom (D)
  2 deep elf magi (D)
5 creatures vanquished.

Grand Total: 53 creatures vanquished

Notes
Turn   | Place    | Note
-------+----------+-------------------------------------------
     0 | D        | Found the +6 Majin-Bo {vamp, Archmagi MP+6 Int+6}
     0 | D        | Found the +7 great mace "Firestarter" {inner flame, rF++}
     0 | D        | Freyura the Demonspawn Abyssal Knight began the quest for
                  | the Orb.
     0 | D        | Reached XP level 1. HP: 18/18 MP: 2/2
     0 | D        | Found a deep blue altar of Sif Muna.
     0 | D        | Found a sacrificial altar of Ru.
     0 | D        | Found a bloodstained altar of Trog.
     0 | D        | Found a stormy altar of Qazlal.
     0 | D        | Found an iron altar of Okawaru.
     0 | D        | Found a sparkling altar of Nemelex Xobeh.
     0 | D        | Found a blossoming altar of Fedhas.
     2 | D        | Found a transporter.
     2 | D        | Found an ancient bone altar of Kikubaaqudgha.
     2 | D        | Found a viscous altar of Jiyva.
     2 | D        | Found a corrupted altar of Lugonu.
     2 | D        | Found a hazy altar of Hepliaklqana.
     2 | D        | Found a burning altar of Makhleb.
     2 | D        | Found an opulent altar of Gozag.
    16 | D        | Banished a spatial maelstrom
    70 | D        | Gained mutation: When hurt, damage is shared between your
                  | health and your magic reserves. [demonic ancestry]
    70 | D        | Reached XP level 2. HP: 25/25 MP: 3/3
    84 | D        | Entered arena 2.
    84 | D        | Found a transporter.
    96 | D        | Reached skill level 3 in Invocations
    96 | D        | Reached XP level 3. HP: 31/31 MP: 3/5
   101 | D        | Reached ** piety under Lugonu
   101 | D        | Reached skill level 5 in Short Blades
   122 | D        | Entered arena 3.
   122 | D        | Noticed a black bear
   122 | D        | Noticed a wolf
   122 | D        | Noticed a black bear
   122 | D        | Found a transporter.
   143 | D        | Killed a wolf
   143 | D        | Reached skill level 5 in Fighting
   143 | D        | Reached skill level 4 in Invocations
   143 | D        | Reached XP level 4. HP: 31/39 MP: 4/7
   143 | D        | Gained mutation: You regenerate magic rapidly. [demonic
                  | ancestry]
   143 | D        | Reached XP level 5. HP: 35/44 MP: 4/8
   147 | D        | Killed a black bear
   147 | D        | Reached skill level 5 in Invocations
   161 | D        | Killed a black bear
   161 | D        | Reached skill level 5 in Armour
   161 | D        | Reached skill level 6 in Invocations
   161 | D        | Gained mutation: You have large cloven feet. [demonic
                  | ancestry]
   161 | D        | Reached XP level 6. HP: 40/52 MP: 5/10
   233 | D        | Entered arena 4.
   233 | D        | Found a transporter.
   236 | D        | Reached *** piety under Lugonu
   242 | D        | Reached skill level 5 in Dodging
   242 | D        | Reached skill level 5 in Shields
   248 | D        | Reached skill level 7 in Invocations
   257 | D        | Entered arena 5.
   257 | D        | Noticed a water moccasin
   257 | D        | Found a transporter.
   266 | D        | Killed a water moccasin
   266 | D        | Reached **** piety under Lugonu
   266 | D        | Gained mutation: You regenerate a little health from kills.
                  | [demonic ancestry]
   266 | D        | Reached XP level 7. HP: 59/59 MP: 12/12
   297 | D        | Entered arena 6.
   297 | D        | Found a transporter.
   306 | D        | Reached ***** piety under Lugonu
   311 | D        | Reached skill level 8 in Invocations
   351 | D        | Entered arena 7.
   351 | D        | Noticed a spriggan rider
   351 | D        | Noticed a spriggan
   351 | D        | Noticed a spriggan
   351 | D        | Noticed a spriggan
   352 | D        | Found a transporter.
   361 | D        | Reached XP level 8. HP: 60/68 MP: 10/14
   365 | D        | Reached skill level 9 in Invocations
   381 | D        | Reached ****** piety under Lugonu
   381 | D        | Reached skill level 10 in Invocations
   410 | D        | Killed a hornet
   426 | D        | Entered arena 8.
   427 | D        | Found a transporter.
   432 | D        | Reached XP level 9. HP: 76/76 MP: 16/16
   453 | D        | Entered arena 9.
   454 | D        | Found a transporter.
   470 | D        | Reached skill level 11 in Invocations
   497 | D        | Got the +7 dagger "Vinetonuges" {vamp, MP+9}
   508 | D        | Entered arena 10.
   509 | D        | Found a transporter.
   594 | D        | Entered arena 11.
   594 | D        | Noticed a deep elf mage
   594 | D        | Noticed a deep elf sorcerer
   594 | D        | Noticed a +2 flail of protection
   594 | D        | Noticed a deep elf mage
   594 | D        | Noticed a deep elf knight
   594 | D        | Noticed a +6 short sword of protection
   594 | D        | Noticed a +0 trident of protection
   594 | D        | Noticed a deep elf mage
   594 | D        | Noticed a deep elf mage
   595 | D        | Identified the +4 spear "Moutoo" {flame, rN+ Dex+2 SInv}
   595 | D        | Identified a +7 quick blade of distortion (a +5 quick blade
                  | of freezing corrupted by Lugonu)
   595 | D        | Received a gift from Lugonu
   596 | D        | Banished a deep elf mage
   596 | D        | Reached skill level 10 in Fighting
   597 | D        | Found a transporter.
   599 | D        | Banished a +6 short sword of protection
   599 | D        | Reached skill level 12 in Invocations
   613 | D        | Banished a deep elf knight
   613 | D        | Reached XP level 10. HP: 52/86 MP: 4/19
   625 | D        | Noticed a sixfirhy
   630 | D        | Killed a deep elf mage
   635 | D        | Banished a deep elf mage
   667 | D        | Got the ring "Isyuf" {Fire rElec Str+4}
   853 | D        | Entered arena 12.
   853 | D        | Noticed a glowing orange brain
   853 | D        | Noticed a starcursed mass
   853 | D        | Noticed a wretched star
   855 | D        | Found a transporter.
   869 | D        | Paralysed by accursed screaming for 1 turns
   871 | D        | HP: 2/68 [starcursed mass/accursed screaming (13)]
   872 | D        | Killed from afar by a shadow imp

Skill      XL: |  1  2  3  4  5  6  7  8  9 |
---------------+----------------------------+-----
Fighting       | 4 5 6 7 9 10 | 10.7
Short Blades   | 4 6 7 8 |  8.1
Armour         | 3 4 5 6 7 9 |  9.7
Dodging        | 2 4 5 6 7 9 |  9.6
Shields        | 2 3 4 5 6 7 9 |  9.5
Invocations    | 3 4 6 7 8 10 12 | 12.7

Action                   |  1- 3 |  4- 6 |  7- 9 | 10-12 || total
-------------------------+-------+-------+-------+-------++-------
Melee: Quick blade       |    37 |    37 |   203 |    55 ||   332
       Kick              |       |     9 |    81 |    21 ||   111
Invok: Brand Weapon With |       |       |     1 |       ||     1
Evoke: Wand              |       |     1 |       |       ||     1
  Use: Potion            |     1 |       |     3 |     4 ||     8
       Scroll            |       |     1 |       |       ||     1
Armor: Gold dragon scale |    31 |    22 |    74 |    84 ||   211
Dodge: Dodged            |     5 |     4 |    18 |    20 ||    47
Block: Buckler           |    25 |    12 |     3 |       ||    40
       Shield            |       |       |   121 |    75 ||   196
